 Dungeon Crawl Stone Soup version 0.31-a0-1074-g0b22e4e0f1 (webtiles) character file.

Game seed: 17956923026587953162

5472 Curundu the Fighter (level 10, 0/84 (88) HPs)
             Began as a Grey Draconian Berserker on Nov 28, 2023.
             Was a High Priest of Trog.
             Slain by a wight
             ... wielding a +2 spear
              (6 damage)
             ... on level 8 of the Dungeon.
             The game lasted 00:52:46 (6545 turns).

Curundu the Fighter (Grey Draconian Berserker)      Turns: 6545, Time: 00:52:46

HP:   0/84 (88)     AC: 12    Str: 23    XL:     10   Next: 42%
MP:   10/10         EV: 20    Int:  8    God:    Trog [*****.]
Gold: 231           SH:  0    Dex: 15    Spells: 9/9 levels left

rFire   . . .        i - +4 short sword (elec)
rCold   . . .        (no shield)
rNeg    . . .        (body armour unavailable)
rPois   +            (helmet restricted)
rElec   .            (no cloak)
rCorr   .            (no gloves)
SInv    +            (no boots)
Will    .....        J - amulet of the Impish Coconut {RegenMP Fragile rPois Str+4}
Stlth   +++          t - ring "Dohicu" {EV+5 Slay+5}
HPRegen 0.34/turn    r - ring of see invisible
MPRegen 0.52/turn

%: no passive effects
@: mighty, lightly drained
A: AC +12, amphibious, unfitting armour, cold-blooded
a: Renounce Religion, Berserk, Trog's Hand, Brothers in Arms


You were on level 8 of the Dungeon.
You worshipped Trog.
Trog was extremely pleased with you.
You visited 2 branches of the dungeon, and saw 9 of its levels.

You collected 231 gold pieces.

Inventory:

Hand Weapons
 a - a +0 spear
 f - a +0 sling
 i - a +4 short sword of electrocution (weapon)
 z - a +1 vampiric spear
Missiles
 d - 55 stones
 k - 3 curare-tipped darts (quivered)
 w - 5 poisoned darts
 H - 5 datura-tipped darts
Armour
 p - a +0 pair of gloves
 x - a +1 cloak
 B - a +0 pair of boots
 C - a +0 pair of boots
 D - a +0 pair of boots
 G - a +0 hat
 I - a +0 pair of boots
Jewellery
 j - an amulet of the acrobat
 r - a ring of see invisible (right hand)
 t - the ring "Dohicu" (left hand) {EV+5 Slay+5}
   (You found it on level 3 of the Dungeon)

   [ring of evasion]

   EV+5:      It affects your evasion (+5).
   Slay+5:    It affects your accuracy & damage with ranged weapons and melee
   (+5).
 J - the amulet of the Impish Coconut (around neck) {RegenMP Fragile rPois Str+4}
   (You found it on level 7 of the Dungeon)

   [amulet of magic regeneration]

   RegenMP:   It increases your rate of magic regeneration.
   Str+4:     It affects your strength (+4).
   rPois:     It protects you from poison Fragile: It will be destroyed if
   unequipped.
Wands
 q - a wand of quicksilver (6)
Scrolls
 e - a scroll of immolation
 l - 5 scrolls of vulnerability
 n - a scroll of fear {unknown}
 o - 2 scrolls of revelation
 s - 2 scrolls of fog {unknown}
 u - a scroll of teleportation {unknown}
 y - 2 scrolls of butterflies
 F - a scroll of blinking {unknown}
Potions
 b - 2 potions of curing
 c - a potion of invisibility {unknown}
 g - 4 potions of might
 h - a potion of lignification {unknown}
 m - a potion of ambrosia {unknown}
 v - a potion of attraction {unknown}
 A - a potion of experience
 E - a potion of heal wounds {unknown}


   Skills:
 * Level 8.1 Fighting
 + Level 8.0 Short Blades
 + Level 6.8 Polearms
 + Level 5.0 Ranged Weapons
 + Level 3.6 Throwing
 + Level 6.9 Dodging
 + Level 5.1 Stealth
 + Level 3.7 Evocations


You had 9 spell levels left.
You didn't know any spells.
Your spell library contained the following spells:

 Spells                   Type           Power      Damage    Failure   Level
 Ensorcelled Hibernation  Hex/Ice        0%         N/A       54%         2
 Passwall                 Tmut/Erth      0%         N/A       54%         2
 Swiftness                Air            0%         N/A       78%         3


Dungeon Overview and Level Annotations

Branches:
Dungeon (8/15)             Temple (1/1) D:5
   Lair: D:8-11

Altars:
Ashenzari
Cheibriados
Dithmenos
Elyvilon
Fedhas
Hepliaklqana
Makhleb
Nemelex Xobeh
Okawaru
Qazlal
Trog
Vehumet
Xom
Zin
The Shining One

Shops:
D:6 !

Annotations:
D:8 Psyche


Innate Abilities, Weirdness & Mutations

Your dull iron-grey scales are very hard. (AC +12)
You are amphibious.
You cannot fit into any form of body armour.
You are cold-blooded and may be slowed by cold attacks.


Message History

You feel sick.
You feel sick.
The wight hits you from afar with a +2 spear.
* * * LOW HITPOINT WARNING * * *
The gnoll misses you. The wight closely misses you.
The gnoll sergeant hits you but does no damage.
The orc wizard hits you but does no damage.
Things that are here:
a killer bee corpse; a killer bee corpse; a killer bee corpse You puncture the orc wizard!
The orc wizard is almost dead.
You feel sick.
The wight misses you. x2; The gnoll sergeant misses you.
The gnoll barely misses you. The orc wizard misses you.
You puncture the orc wizard!
You kill the orc wizard!
Trog accepts your kill.
Trog will now gift you melee weapons as you gain piety.
Trog appreciates your killing of a magic user.
You feel sick.
The wight hits you from afar with a +2 spear!
* * * LOW HITPOINT WARNING * * *
The gnoll misses you.
The gnoll sergeant hits you but does no damage.
You feel sick.
Psyche laughs secretively.
Items here: ))) [[ ††.
You feel better.
You hit the wight.
The wight is heavily damaged.
You puncture the wight!
You destroy the wight!
Trog accepts your kill.
The wight hits you from afar with a +2 spear!
* * * LOW HITPOINT WARNING * * *
You feel drained.
* * * LOW HITPOINT WARNING * * *
The gnoll sergeant misses you.
Your Short Blades skill increases to level 8!
The wight hits you from afar with a +2 spear.
You die...

#y #.##.#
#.##.##+##### #
#.##........# #
#?##........# #
#.##........#######
#.##.g......'......
#†##g.)...).#######
#.@)zzg...........
#######.#####.####
#....# ..# #.####
... #. .#.# . ...
##


You could see a gnoll sergeant, 2 wights and 2 gnolls.

Vanquished Creatures
  A steam dragon (D:8)
  2 swamp worms (D:7)
  An acid dragon (D:7)
  3 water moccasins
  An orc warrior (D:7)
  A sky beast (D:7)
  2 ogres
  A phantom (D:5)
  A bullfrog (D:8)
  4 scorpions
  A wight (D:8)
  14 killer bees (D:8)
  A howler monkey (D:7)
  3 hounds
  An orc priest (D:7)
  3 gnoll boudas
  3 iguanas
  3 sleepcaps
  Ijyb (D:3)
  Natasha (thrice) (D:2)
  3 orc wizards
  Robin (D:3)
  30 gnolls
  6 adders
  3 worms (D:3)
  5 dart slugs
  11 orcs
  9 endoplasms
  A giant cockroach (D:1)
  11 goblins
  8 hobgoblins
  4 jackals (D:5)
  2 quokkas
  8 ball pythons
  5 bats
  A frilled lizard (D:1)
  7 kobolds
  2 rats (D:3)
167 creatures vanquished.

Vanquished Creatures (others)
  A gnoll (D:8)
1 creature vanquished.

Grand Total: 168 creatures vanquished

Notes
Turn   | Place    | Note
-------+----------+-------------------------------------------
     0 | D:1      | Curundu the Draconian Berserker began the quest for the
                  | Orb.
     0 | D:1      | Reached XP level 1. HP: 19/19 MP: 1/1
   309 | D:1      | Reached XP level 2. HP: 25/26 MP: 2/2
   804 | D:1      | Reached XP level 3. HP: 23/31 MP: 3/3
  1032 | D:2      | Reached ** piety under Trog
  1042 | D:2      | Reached XP level 4. HP: 29/40 MP: 4/4
  1329 | D:2      | Noticed Natasha
  1335 | D:2      | Killed Natasha
  1350 | D:2      | Noticed Natasha
  1383 | D:2      | Killed Natasha
  1450 | D:2      | Noticed Natasha
  1459 | D:2      | Killed Natasha
  1460 | D:2      | Reached XP level 5. HP: 25/46 MP: 5/5
  1652 | D:2      | Found a white marble altar of Elyvilon.
  2052 | D:3      | Noticed Robin
  2053 | D:3      | Noticed Ijyb
  2062 | D:3      | Killed Robin
  2063 | D:3      | Reached skill level 5 in Polearms
  2292 | D:3      | Killed Ijyb
  2387 | D:3      | Reached skill level 1 in Short Blades
  2503 | D:3      | Reached *** piety under Trog
  2674 | D:3      | Reached skill level 1 in Ranged Weapons
  2790 | D:3      | Identified the ring "Dohicu" {EV+5 Slay+5}
  2868 | D:4      | Reached XP level 6. HP: 51/52 MP: 6/6
  3279 | D:4      | Your scales start taking on a dull iron-grey colour.
  3279 | D:4      | Reached XP level 7. HP: 56/60 MP: 7/7
  3606 | D:5      | Entered Level 5 of the Dungeon
  3616 | D:5      | Reached skill level 1 in Stealth
  3791 | D:5      | Found a staircase to the Ecumenical Temple.
  3822 | Temple   | Entered the Ecumenical Temple
  4234 | D:5      | Reached **** piety under Trog
  4253 | D:5      | Reached skill level 5 in Fighting
  4253 | D:5      | Reached XP level 8. HP: 36/68 MP: 8/8
  4855 | D:5      | Reached skill level 5 in Short Blades
  4855 | D:5      | Reached skill level 5 in Dodging
  5104 | D:6      | Found Uraf's Distillery.
  5765 | D:7      | Identified the amulet of the Impish Coconut {RegenMP
                  | Fragile rPois Str+4}
  5975 | D:7      | Reached XP level 9. HP: 72/75 MP: 9/9
  6455 | D:8      | Reached skill level 5 in Ranged Weapons
  6455 | D:8      | Reached skill level 5 in Stealth
  6455 | D:8      | Reached XP level 10. HP: 86/88 MP: 10/10
  6505 | D:8      | Noticed Psyche
  6540 | D:8      | Reached ***** piety under Trog
  6545 | D:8      | Slain by a wight

Illustrated notes

Levels and vault maps discovered:
D:1:      kennysheep_arrival_seaside, layout_loops_ring, minivault_26,
          serial_park_tiny_pond, grunt_decor_cap
D:2:      layout_loops_cross, basic_altar, minmay_tetromino_l2, uniq_natasha
D:3:      layout_basic, st_stairs_8, nicolae_goblin_pals
D:4:      wad_pebble_path, layout_rooms, serial_park_tiny_1
D:5:      layout_basic, minmay_temple_entry_junction_2
D:6:      layout_cave_pools, serial_shops, shop
D:7:      layout_basic, worms_lemuel
D:8:      layout_basic, uniq_psyche
Temple:   nicolae_temple_great_sept

Skill      XL: |  1  2  3  4  5  6  7  8  9 10 |
---------------+-------------------------------+-----
Dodging        | 3 4 5 6 |  6.9
Polearms       | 4 5 6 |  6.8
Fighting       | 4 5 6 7 8 |  8.1
Short Blades   | 1 2 4 6 7 8 |  8.0
Ranged Weapons | 1 2 3 5 |  5.0
Stealth        | 1 3 5 |  5.1
Throwing       | 3 |  3.6
Evocations     | 3 |  3.7

Action                     |  1- 3 |  4- 6 |  7- 9 | 10-12 || total
---------------------------+-------+-------+-------+-------++-------
  Melee: Spear             |    96 |       |     9 |       ||   105
         Tailslap          |    17 |    30 |    27 |     4 ||    78
         Punch             |     2 |     2 |     1 |       ||     5
         Short sword       |       |   136 |   192 |    66 ||   394
   Fire: Sling             |       |    24 |     7 |     1 ||    32
  Throw: Stone             |       |     1 |       |       ||     1
         Dart              |       |     1 |     4 |       ||     5
  Evoke: Wand              |       |       |     2 |       ||     2
    Use: Scroll            |       |     5 |     5 |       ||    10
         Potion            |       |       |     1 |     2 ||     3
   Stab: Sleeping          |     1 |       |     2 |       ||     3
 Armour: Skin              |    46 |    57 |    56 |    50 ||   209
  Dodge: Dodged            |    38 |   146 |   139 |   139 ||   462

Table legend: (Time is in decaauts)
 A = Elapsed time spent in this place.
 B = Non-inter-level travel time spent in this place.
 C = Inter-level travel time spent in this place.
 D = Time resting spent in this place.
 E = Time spent auto-exploring this place.
 F = Levels seen in this place.
 G = Mean time per level.
                   A        B        C        D        E       F      G
               +--------+--------+--------+--------+--------+-----+--------+
         Total |   6458 |   6458 |      0 |    929 |      0 |   9 |  717.6 |
       Dungeon |   6398 |   6398 |      0 |    929 |      0 |   8 |  799.8 |
        Temple |     59 |     59 |      0 |      0 |      0 |   1 |   59.0 |
               +--------+--------+--------+--------+--------+-----+--------+

Top non-repeatable levels by time:
     D:5: 1187 daAuts
     D:1: 1002 daAuts
     D:3: 987 daAuts
     D:7: 864 daAuts
     D:2: 850 daAuts
     D:4: 756 daAuts
     D:6: 644 daAuts
     D:8: 106 daAuts
  Temple: 59 daAuts
